 Dungeon Crawl Stone Soup version 0.27-a0-1186-g8b4daa1eef (webtiles) character file.

Game seed: 11928273718002774828

261 wakim the Ruffian (level 5, -5/49 (53) HPs)
             Began as a Troll Fighter on May 19, 2021.
             Slain by Grinder (6 damage)
             ... while paralysed by Grinder
             ... on level 3 of the Dungeon.
             The game lasted 00:05:28 (2184 turns).

wakim the Ruffian (Troll Fighter)                   Turns: 2184, Time: 00:05:29

HP:   -5/49 (53)    AC:  4    Str: 24    XL:     5   Next: 96%
MP:   4/4           EV:  1    Int:  5    God:
Gold: 88            SH:  0    Dex:  9    Spells: 4/4 levels left

rFire    . . .     SeeInvis .     - Unarmed
rCold    . . .     Faith    .   b - +0 kite shield
rNeg     . . .     Spirit   .   a - +0 robe
rPois    .         Reflect  .   (helmet restricted)
rElec    .         Harm     .   j - scarf {+Inv}
rCorr    .         Rampage  .   (gloves unavailable)
Will     +....                  (boots unavailable)
Stlth    +.........             (no amulet)
HPRegen  1.16/turn              m - ring of willpower
MPRegen  0.09/turn              (no ring)

@: paralysed, very slightly contaminated, drained
A: large, unfitting armour, claws 3, regeneration 1, shaggy fur 1, tough skin 1
a: Evoke Invisibility


You were on level 3 of the Dungeon.
You visited 1 branch of the dungeon, and saw 3 of its levels.

You collected 88 gold pieces.

Inventory:

Armour
 a - a +0 robe (worn)
 b - a +0 kite shield (worn)
 j - a scarf of invisibility (worn)
 l - a +0 tower shield
Jewellery
 m - a ring of willpower (left claw)
Scrolls
 c - 2 scrolls of identify {unknown}
 d - a scroll of holy word {unknown}
Potions
 e - a potion of ambrosia {unknown}
 f - a potion of berserk rage {unknown}
 g - a potion of degeneration {unknown}
 h - a potion of flight {unknown}
 i - 3 potions of curing {unknown}
 k - a potion of cancellation {unknown}
 N - 2 potions of might


   Skills:
 + Level 3.1 Fighting
 + Level 3.1 Dodging
 * Level 3.7 Shields
 * Level 4.0 Unarmed Combat


You had 4 spell levels left.
You didn't know any spells.
Your spell library contained the following spells:

 Spells                   Type           Power      Damage    Failure   Level
 Foxfire                  Conj/Fire      0%         2x1d4     86%         1
 Magic Dart               Conj           0%         1d3       86%         1
 Blink                    Tloc           N/A        N/A       94%         2
 Call Imp                 Summ           0%         N/A       94%         2
 Slow                     Hex            0%         N/A       94%         2
 Conjure Flame            Conj/Fire      0%         6-21      99%         3
 Inner Flame              Hex/Fire       0%         N/A       99%         3
 Mephitic Cloud           Conj/Pois/Air  0%         N/A       99%         3
 Sticky Flame             Conj/Fire      0%         2d3       100%        4
 Fireball                 Conj/Fire      0%         3d3       100%        5


Dungeon Overview and Level Annotations

Branches:
Dungeon (3/15)

Altars:
Wu Jian
Yredelemnul

Annotations:
D:3 Grinder


Innate Abilities, Weirdness & Mutations

You are too large for most types of armour.
You have claws for hands.
Your natural rate of healing is unusually fast.
You are covered in fur. (AC +1)
You have tough skin. (AC +1)


Message History

* * * LOW HITPOINT WARNING * * *
Grinder grins, showing sharp teeth.
Grinder hits you.
* * * LOW HITPOINT WARNING * * *
You writhe in agony.
* * * LOW HITPOINT WARNING * * *
You scratch Grinder but do no damage.
Grinder is lightly wounded.
Grinder gestures at you. You resist with some effort.
You barely miss Grinder.
Grinder is lightly wounded.
You flicker for a moment.
You block Grinder's attack.
Grinder blinks!
You scratch Grinder.
Grinder is lightly wounded.
Grinder gestures at you. You resist with some effort.
Grinder blinks!
You flicker back into view.
Grinder gestures at you. You resist with almost no effort.
Grinder says, "DUCK!"
Grinder gestures at you. You resist with some effort. Grinder gestures at you.
You suddenly lose the ability to move!
Grinder gestures at you. Pain shoots through your body!
* * * LOW HITPOINT WARNING * * *
Grinder gestures at you. Pain shoots through your body!
* * * LOW HITPOINT WARNING * * *
Grinder hits you.
* * * LOW HITPOINT WARNING * * *
Grinder hits you!
* * * LOW HITPOINT WARNING * * *
You writhe in agony.
You die...

... #####.##### ##.##
#.### ##...## #.#.##
##.....##########....###
+>.........5............
####....#########....###
#..#.# #.#.## #.##5#
#.### ... #@# #.# ####
#.# #.# #.# #.# #.# #.#
#.# #.##### #.# #.....#
#.# #####.# ### #.# #.##


You could see Grinder.

Vanquished Creatures
  2 orc priests (D:3)
  An orc wizard (D:3)
  9 gnolls
  3 adders (D:2)
  An ufetubus (D:3)
  A worm (D:3)
  2 dart slugs
  2 orcs
  3 ball pythons
  3 bats
  2 endoplasms (D:2)
  3 giant cockroaches (D:1)
  A goblin (D:1)
  8 hobgoblins
  7 jackals
  3 kobolds
  A quokka (D:1)
  3 frilled lizards
  2 rats
57 creatures vanquished.

Notes
Turn   | Place    | Note
-------+----------+-------------------------------------------
     0 | D:1      | wakim the Troll Fighter began the quest for the Orb.
     0 | D:1      | Reached XP level 1. HP: 22/22 MP: 0/0
   141 | D:1      | Reached XP level 2. HP: 29/29 MP: 1/1
   316 | D:1      | Reached XP level 3. HP: 36/36 MP: 2/2
   671 | D:2      | Reached skill level 3 in Unarmed Combat
   671 | D:2      | Reached XP level 4. HP: 35/44 MP: 3/3
  1432 | D:3      | Found a basalt altar of Yredelemnul.
  1432 | D:3      | Found an ornate altar of the Wu Jian Council.
  1577 | D:3      | Reached XP level 5. HP: 30/52 MP: 4/4
  1989 | D:3      | Reached skill level 4 in Unarmed Combat
  2143 | D:3      | Noticed Grinder
  2158 | D:3      | Paralysed by Grinder for 2 turns
  2180 | D:3      | Paralysed by Grinder for 5 turns
  2184 | D:3      | HP: 1/49 [Grinder (8)]
  2184 | D:3      | Slain by Grinder

Illustrated notes

Levels and vault maps discovered:
D:1:      minmay_arrival_five_plusses, layout_rooms
D:2:      layout_loops_corners
D:3:      minmay_chambers_of_twos, layout_loops_corners,
          amethyst_overflow_temple_binary, uniq_grinder

Skill      XL: |  1  2  3  4  5 |
---------------+----------------+-----
Shields        | 3 |  3.7
Unarmed Combat | 3 4 |  4.0
Dodging        | 3 |  3.1
Fighting       | 3 |  3.1

Action                   |  1- 3 |  4- 6 || total
-------------------------+-------+-------++-------
Melee: Unarmed           |    74 |   126 ||   200
 Abil: Evoke Invisibilit |       |     1 ||     1
  Use: Scroll            |     1 |       ||     1
Armor: Robe              |    14 |    22 ||    36
Dodge: Dodged            |    18 |    32 ||    50
Block: Kite shield       |    32 |    59 ||    91

Table legend: (Time is in decaauts)
 A = Elapsed time spent in this place.
 B = Non-inter-level travel time spent in this place.
 C = Inter-level travel time spent in this place.
 D = Time resting spent in this place.
 E = Time spent auto-exploring this place.
 F = Levels seen in this place.
 G = Mean time per level.
                   A        B        C        D        E       F      G
               +--------+--------+--------+--------+--------+-----+--------+
         Total |   2209 |   2176 |     33 |      0 |   1729 |   3 |  736.3 |
       Dungeon |   2209 |   2176 |     33 |      0 |   1729 |   3 |  736.3 |
               +--------+--------+--------+--------+--------+-----+--------+

Top non-repeatable levels by time:
     D:2: 887 daAuts
     D:3: 821 daAuts
     D:1: 501 daAuts
